 Dungeon Crawl Stone Soup version 0.28-a0-447-g1f95980246 (webtiles) character file.

Game seed: 17731706884573549028

196 bande the Skirmisher (level 5, -11/33 HPs)
             Began as a Gargoyle Fighter on Sept 12, 2021.
             Mangled by a wight (14 damage)
             ... on level 4 of the Dungeon.
             The game lasted 00:04:39 (2795 turns).

bande the Skirmisher (Gargoyle Fighter)             Turns: 2795, Time: 00:04:40

Health: -11/33     AC: 11    Str: 20    XL:     5   Next: 75%
Magic:  5/5        EV:  9    Int:  8    God:
Gold:   102        SH:  4    Dex: 10    Spells: 4/4 levels left

rFire   . . .      SeeInvis .   a - +0 war axe (freeze)
rCold   . . .      Faith    .   c - +0 buckler
rNeg    + . .      Spirit   .   b - +0 scale mail
rPois   ∞          Reflect  .   (no helmet)
rElec   +          Harm     .   (no cloak)
rCorr   .          Rampage  .   (no gloves)
Will    .....                   (no boots)
Stlth   ..........              (no amulet)
HPRegen 0.11/turn               (no ring)
MPRegen 0.09/turn               (no ring)

@: no status effects
A: sickness immunity, AC +4, negative energy resistance 1, electricity
resistance, torment resistance 1, petrification resistance
a: no special abilities


You were on level 4 of the Dungeon.
You visited 1 branch of the dungeon, and saw 4 of its levels.

You collected 102 gold pieces.

Inventory:

Hand Weapons
 a - a +0 war axe of freezing (weapon)
Armour
 b - a +0 scale mail (worn)
 c - a +0 buckler (worn)
Jewellery
 e - an amulet of regeneration
Scrolls
 j - a scroll of teleportation
Potions
 d - a potion of might
 f - a potion of curing
 g - a potion of flight
 h - a potion of brilliance
 i - 2 potions of haste {unknown}
 k - a potion of degeneration {unknown}


   Skills:
 + Level 4.2 Fighting
 + Level 4.0 Axes
 + Level 4.0 Armour
 + Level 3.8 Shields


You had 4 spell levels left.
You didn't know any spells.
Your spell library contained the following spells:

 Spells                   Type           Power      Damage    Failure   Level
 Magic Dart               Conj           0%         1d3       77%         1
 Searing Ray              Conj           0%         2d4       88%         2
 Fulminant Prism          Conj/Hex       0%         3d6       100%        4


Dungeon Overview and Level Annotations

Branches:
Dungeon (4/15)
 Temple: D:4-7

Altars:
Qazlal
The Shining One


Innate Abilities, Weirdness & Mutations

You are immune to sickness and miasma.
Your stone body is resilient. (AC +4)
You are immune to poison.
You resist negative energy. (rN+)
You are resistant to electric shocks. (rElec)
You are resistant to unholy torment.
You are immune to petrification.


Message History

You completely miss Blork the orc.
Blork the orc is severely wounded.
You block Blork the orc's attack.
Blork the orc mumbles some strange words.
Blork the orc seems to speed up.
You hit Blork the orc but do no damage.
Blork the orc is severely wounded.
Blork the orc hits you but does no damage.
You block Blork the orc's attack.
You slash Blork the orc! You freeze Blork the orc.
You kill Blork the orc!
Your Axes skill increases to level 4!
Your Armour skill increases to level 4!
Things that are here:
a +4 vampiric short sword; a +0 robe; the orc corpse of Blork the orc
Found a stone staircase leading up.
Found a stone staircase leading down. 2 wights come into view.
A wight is wielding a +2 dagger of freezing.
The wight moves out of view.
A wight comes into view. It is wielding a +3 battleaxe.
A wight comes into view.
It is wielding a +5 battleaxe of freezing.
A wight comes into view. It is wielding a +2 flail.
The wight hits you with a +2 dagger of freezing.
The wight freezes you. The wight misses you.
You hear the slow rusting of a very distant drain.
The wight barely misses you. The wight hits you but does no damage.
You slash the wight!
The wight is heavily damaged.
You closely miss the wight. The wight hits you with a +3 battleaxe!
* * * LOW HITPOINT WARNING * * *
You closely miss the wight.
The wight is heavily damaged.
You hit the wight. You closely miss the wight.
The wight hits you with a +2 dagger of freezing.
* * * LOW HITPOINT WARNING * * *
The wight freezes you.
* * * LOW HITPOINT WARNING * * *
The wight hits you with a +3 battleaxe!
You die...

### ##.## ##..#.
#..... #####.....
##########.........
#.zz.#.##..........
#.@z............##.
##.#z...........#.)
#.#z...#.###.#..).
.##.z>.####..#...#
..#....## #..##.###
........# #.......
#........# ##.....<
#..#.....#
#........ #####..##


You could see 4 wights.

Vanquished Creatures
  Blork the orc (D:4)
  4 gnolls (D:3)
  3 adders (D:2)
  3 dart slugs
  7 bats
  3 endoplasms
  A giant cockroach (D:1)
  6 goblins
  4 hobgoblins
  5 jackals (D:2)
  3 kobolds (D:2)
  2 quokkas (D:1)
  5 ball pythons
  5 frilled lizards
  6 rats
58 creatures vanquished.

Notes
Turn   | Place    | Note
-------+----------+-------------------------------------------
     0 | D:1      | bande the Gargoyle Fighter began the quest for the Orb.
     0 | D:1      | Reached XP level 1. HP: 14/14 MP: 1/1
   235 | D:1      | Reached XP level 2. HP: 19/19 MP: 2/2
   839 | D:1      | Found a faded altar of an unknown god.
  1364 | D:2      | Reached XP level 3. HP: 24/24 MP: 3/3
  1687 | D:2      | Reached XP level 4. HP: 29/29 MP: 4/4
  1786 | D:2      | Found a stormy altar of Qazlal.
  2214 | D:3      | Reached XP level 5. HP: 33/33 MP: 5/5
  2378 | D:3      | Found a glowing golden altar of the Shining One.
  2762 | D:4      | Noticed Blork the orc
  2775 | D:4      | Killed Blork the orc
  2795 | D:4      | Mangled by a wight

Illustrated notes

Levels and vault maps discovered:
D:1:      roderic_chinese_lattice_arrival, layout_loops_corners,
          shapermc_ecumenical_altar_venn, nrook_mini_vaults,
          hangedman_decor_clover_reticule
D:2:      layout_loops_ring, basic_altar
D:3:      layout_rooms, nicolae_tso_carved_into_rock, patterned_corridor
D:4:      kennysheep_big_flooded_room, layout_cave_pools,
          minmay_temple_entry_drinking_statues, portal_sewer_entry_d,
          minmay_misc_feat_roman, uniq_blork_the_orc

Skill      XL: |  1  2  3  4  5 |
---------------+----------------+-----
Axes           | 2 3 4 |  4.0
Fighting       | 4 |  4.2
Armour         | 4 |  4.0
Shields        | |  3.8

Action                   |  1- 3 |  4- 6 || total
-------------------------+-------+-------++-------
Melee: War axe           |   125 |    59 ||   184
  Use: Scroll            |     4 |     4 ||     8
Armor: Scale mail        |    86 |    24 ||   110
Dodge: Dodged            |    81 |    31 ||   112
Block: Buckler           |    30 |     7 ||    37

Table legend: (Time is in decaauts)
 A = Elapsed time spent in this place.
 B = Non-inter-level travel time spent in this place.
 C = Inter-level travel time spent in this place.
 D = Time resting spent in this place.
 E = Time spent auto-exploring this place.
 F = Levels seen in this place.
 G = Mean time per level.
                   A        B        C        D        E       F      G
               +--------+--------+--------+--------+--------+-----+--------+
         Total |   2865 |   2854 |     11 |    348 |   1798 |   4 |  716.2 |
       Dungeon |   2865 |   2854 |     11 |    348 |   1798 |   4 |  716.2 |
               +--------+--------+--------+--------+--------+-----+--------+

Top non-repeatable levels by time:
     D:1: 1353 daAuts
     D:2: 813 daAuts
     D:3: 543 daAuts
     D:4: 155 daAuts
